 Dungeon Crawl Stone Soup version 0.30-a0-924-g0ad0bf95bc (webtiles) character file.

Game seed: 6431356902095453241

788 lunkers the Basher (level 8, -5/61 HPs)
             Began as a Meteoran Reaver on Mar 22, 2023.
             Was a Follower of Okawaru.
             Killed by nerve-wracking pain
             ... invoked by an orc priest
              (7 damage)
             ... on level 5 of the Dungeon.
             The game lasted 00:06:42 (1953 turns).

lunkers the Basher (Meteoran Reaver)                Turns: 1953, Time: 00:06:43

Health: -5/61      AC: 12    Str: 15    XL:     8   Next: 34%
Magic:  13/13      EV: 10    Int: 15    God:    Okawaru [*.....]
Gold:   147        SH:  5    Dex: 19    Spells: 11/12 levels left

rFire   . . .      SeeInvis .    b - +2 whip (vamp)
rCold   + . .      Faith    .    (no shield)
rNeg    + . .      Spirit   .    t - +0 scale mail
rPois   .          Reflect  +    n - +4 helmet of Jogur {rN+}
rElec   .          Rampage  .    (no cloak)
rCorr   .                        (no gloves)
Will    +....                    v - +0 pair of boots Stlth
                                 d - amulet of reflection
HPRegen 0.30/turn                o - +6 ring of dexterity
MPRegen 0.13/turn                r - ring of protection from cold

@: about to teleport, glowing
A: sense surroundings 1, otherworldly, glowing, explore regen
a: Renounce Religion, Heroism


You were on level 5 of the Dungeon.
You worshipped Okawaru.
Okawaru was aware of your devotion.
You visited 1 branch of the dungeon, and saw 5 of its levels.

You collected 147 gold pieces.

Inventory:

Hand Weapons
 a - a +0 mace
 b - a +2 vampiric whip (weapon)
Missiles
 i - 3 throwing nets
Armour
 n - the +4 helmet of Jogur (worn) {rN+}
   (You took it off Robin on level 4 of the Dungeon)

   rN:        It protects you from negative energy.
 t - a +0 scale mail (worn)
 v - a +0 pair of boots (worn)
Jewellery
 d - an amulet of reflection (around neck)
 m - an amulet of the acrobat
 o - a +6 ring of dexterity (left hand)
 r - a ring of protection from cold (right hand)
 u - an amulet of faith
Wands
 s - a wand of digging (5)
Scrolls
 c - a scroll of silence {unknown}
 e - a scroll of teleportation
 g - 3 scrolls of identify
 h - 3 scrolls of poison {unknown}
 k - 2 scrolls of blinking {unknown}
 q - a scroll of fog {unknown}
Potions
 f - 4 potions of curing
 j - 2 potions of berserk rage {unknown}
 l - a potion of lignification {unknown}
 p - a potion of brilliance {unknown}
 w - a potion of cancellation {unknown}


   Skills:
 - Level 2.1 Fighting
 + Level 10.6 Maces & Flails
 - Level 2.4 Dodging
 - Level 2.6 Spellcasting
 - Level 3.6 Conjurations
 + Level 4.8 Invocations


You had 11 spell levels left.
You knew the following spells:

 Your Spells              Type           Power      Damage    Failure   Level
p - Kiss of Death         Conj/Necr      28%        2d7       38%         1

Your spell library contained the following spells:

 Spells                   Type           Power      Damage    Failure   Level
 Momentum Strike          Conj/Tloc      14%        3d8       54%         2
 Hailstorm                Conj/Ice       7%         3d4       77%         3
 Blink                    Tloc           4%         N/A       78%         2
 Lesser Beckoning         Tloc           4%         N/A       78%         2


Dungeon Overview and Level Annotations

Branches:
Dungeon (5/15) Zot: 1148   Temple (0/1) D:5

Altars:
Okawaru


Innate Abilities, Weirdness & Mutations

You passively map a small area around you.
You are easily found by Zot.
You glow in the dark.
You regain HP and MP as you explore.


Message History

You're too confused to move!
The orc closely misses you.
The orc priest hits you from afar with a +0 trident!
* * * LOW HITPOINT WARNING * * *
You barely miss the orc.
The orc is almost dead.
You hit the orc but do no damage.
The orc is almost dead.
You feel less confused. The orc priest barely misses you.
The orc hits you but does no damage.
You hit the orc but do no damage.
The orc is almost dead.
You hit the orc.
You kill the orc!
Okawaru accepts your kill.
The orc priest calls down the wrath of Beogh upon you.
Pain shoots through your body!
* * * LOW HITPOINT WARNING * * *
You hear some strange, mumbled words.
Something tries to affect you, but you resist.
The orc priest hits you from afar with a +0 trident.
* * * LOW HITPOINT WARNING * * *
As you read the scroll labelled TUIS YHYISYEJI, it crumbles to dust.
It is a scroll of identify.
f - 4 potions of curing The orc priest invokes the aid of Beogh against you.
Beogh smites you!
* * * LOW HITPOINT WARNING * * *
You hear some strange, mumbled words.
A puff of flame appears from out of thin air!
The puff of flame misses you.
The orc priest calls down the wrath of Beogh upon you.
Pain shoots through your body!
* * * LOW HITPOINT WARNING * * *
As you read the scroll labelled CIVYEX EMORCHA, it crumbles to dust.
You feel strangely unstable.
It was a scroll of teleportation.
The orc priest hits you from afar with a +0 trident!
* * * LOW HITPOINT WARNING * * *
The orc priest calls down the wrath of Beogh upon you.
Pain shoots through your body!
You die...

.## * * .. , ### .#
##* * .. #####.##..#
., #. ###.......#.#
....##†##..#######..#
*
#....o)o..#.....#..#
,
#..##.###@#.#.#.#..#
, , #. #...#|#...## *
* , .. #.#.#.#.#.# *
* ### #.#.....#.# ,
,..# #)#######.# *
#.########.......##
#.......###.....##
#.#####.# #.##### ###
#.#####.###.#


You could see 2 orc priests.

Vanquished Creatures
  Duvessa (D:5)
  An ogre (D:4)
  A scorpion (D:4)
  Dowan (D:5)
  3 hounds
  A jelly (D:5)
  An orc priest (D:3)
  A sleepcap (D:4)
  2 iguanas
  2 orc wizards
  Robin (D:4)
  11 adders
  A shadow imp (D:5)
  A worm (D:4)
  15 orcs
  4 endoplasms
  3 giant cockroaches
  14 goblins
  6 hobgoblins
  6 jackals
  5 kobolds
  3 quokkas
  7 ball pythons
  5 bats
  3 frilled lizards
  3 rats
102 creatures vanquished.

Vanquished Creatures (others)
  5 plants (D:4)
  2 withered plants (D:4)
7 creatures vanquished.

Grand Total: 109 creatures vanquished

Notes
Turn   | Place    | Note
-------+----------+-------------------------------------------
     0 | D:1      | lunkers the Meteoran Reaver began the quest for the Orb.
     0 | D:1      | Reached XP level 1. HP: 17/17 MP: 5/5
    60 | D:1      | Reached XP level 2. HP: 20/24 MP: 6/6
   145 | D:1      | Reached skill level 5 in Maces & Flails
   313 | D:1      | Reached XP level 3. HP: 19/29 MP: 8/8
   469 | D:2      | Reached XP level 4. HP: 36/36 MP: 9/9
   484 | D:2      | Reached skill level 6 in Maces & Flails
   757 | D:3      | Reached XP level 5. HP: 40/41 MP: 10/10
   856 | D:3      | Found an iron altar of Okawaru.
   882 | D:3      | Reached skill level 7 in Maces & Flails
   904 | D:3      | Became a worshipper of Warmaster Okawaru
   928 | D:3      | Found a faded altar of an unknown god.
  1157 | D:3      | You fall into a shaft and drop 1 floor!
  1170 | D:4      | Reached XP level 6. HP: 39/41 MP: 11/11
  1180 | D:4      | Reached skill level 8 in Maces & Flails
  1243 | D:4      | Noticed an ogre
  1259 | D:4      | Killed an ogre
  1259 | D:4      | Reached * piety under Okawaru
  1260 | D:4      | Reached skill level 9 in Maces & Flails
  1260 | D:4      | Reached XP level 7. HP: 55/55 MP: 12/12
  1411 | D:4      | Reached skill level 1 in Invocations
  1523 | D:4      | Identified the +4 helmet of Jogur {rN+}
  1523 | D:4      | Noticed Robin
  1560 | D:4      | Killed Robin
  1658 | D:5      | Entered Level 5 of the Dungeon
  1693 | D:5      | Reached skill level 10 in Maces & Flails
  1783 | D:5      | Found a staircase to the Ecumenical Temple.
  1802 | D:5      | Noticed Dowan
  1804 | D:5      | Noticed Duvessa
  1824 | D:5      | Killed Duvessa
  1825 | D:5      | Reached XP level 8. HP: 57/61 MP: 10/13
  1848 | D:5      | Killed Dowan
  1951 | D:5      | HP: 2/61 [orc priest/+0 trident (7)]
  1953 | D:5      | Killed from afar by an orc priest

Illustrated notes

Levels and vault maps discovered:
D:1:      wander_arrival_fairy_ring, layout_basic, nicolae_titane
D:2:      layout_basic
D:3:      layout_basic, okawaru_trees_1, ebering_ecumenical_altar_abandoned
D:4:      layout_rooms, grunt_temple_overflow_growth_and_decay, abandoned_shop,
          uniq_robin, uniq_blork_the_orc
D:5:      layout_loops_corners, minmay_temple_entry_tees,
          kennysheep_another_room, minmay_checkerbox, uniq_crazy_yiuf_cottage,
          uniq_duvessa

Skill      XL: |  1  2  3  4  5  6  7 |
---------------+----------------------+-----
Maces & Flails | 5 6 7 9 10 | 10.6
Invocations    | 4 |  4.8
Fighting       | |  2.1
Dodging        | |  2.4
Spellcasting   | |  2.6
Conjurations   | |  3.6

Action                     |  1- 3 |  4- 6 |  7- 9 || total
---------------------------+-------+-------+-------++-------
  Melee: Mace              |    99 |    56 |       ||   155
         Punch             |     1 |     2 |     4 ||     7
         Whip              |       |    54 |   248 ||   302
   Cast: Kiss of Death     |       |     2 |       ||     2
 Invoke: Heroism           |       |       |     1 ||     1
    Use: Scroll            |       |       |     2 ||     2
 Armour: Leather armour    |    33 |    23 |       ||    56
         Scale mail        |       |       |    77 ||    77
  Dodge: Dodged            |    60 |    48 |    72 ||   180
  Block: Other             |    21 |    23 |    32 ||    76
         Reflection        |     1 |       |       ||     1

Table legend: (Time is in decaauts)
 A = Elapsed time spent in this place.
 B = Non-inter-level travel time spent in this place.
 C = Inter-level travel time spent in this place.
 D = Time resting spent in this place.
 E = Time spent auto-exploring this place.
 F = Levels seen in this place.
 G = Mean time per level.
                   A        B        C        D        E       F      G
               +--------+--------+--------+--------+--------+-----+--------+
         Total |   1850 |   1840 |     10 |      0 |   1069 |   5 |  370.0 |
       Dungeon |   1850 |   1840 |     10 |      0 |   1069 |   5 |  370.0 |
               +--------+--------+--------+--------+--------+-----+--------+

Top non-repeatable levels by time:
     D:3: 444 daAuts
     D:4: 439 daAuts
     D:2: 386 daAuts
     D:1: 335 daAuts
     D:5: 244 daAuts
